 Dungeon Crawl Stone Soup version 0.28.0-53-g5a82cb258f (webtiles) character file.

Game seed: 7196295145546680268

2746 miket3c the Cleaver (level 9, -3/81 HPs)
             Began as a Hill Orc Fighter on July 31, 2022.
             Was an Elder of Okawaru.
             Succumbed to a kobold brigand's curare-tipped dart
             ... on level 6 of the Dungeon.
             The game lasted 00:08:41 (6548 turns).

miket3c the Cleaver (Hill Orc Fighter)              Turns: 6548, Time: 00:08:42

Health: -3/81      AC: 12    Str: 23    XL:     9   Next: 68%
Magic:  9/9        EV:  8    Int:  8    God:    Okawaru [****..]
Gold:   362        SH:  6    Dex: 16    Spells: 8/8 levels left

rFire   . . .      SeeInvis .   a - +2 war axe (venom)
rCold   . . .      Faith    .   c - +0 buckler
rNeg    + . .      Spirit   .   v - +1 chain mail {rN+}
rPois   .          Reflect  .   (no helmet)
rElec   .          Harm     .   u - scarf {+Inv}
rCorr   +          Rampage  .   t - +0 pair of gloves
Will    .....                   (no boots)
Stlth   ..........              (no amulet)
HPRegen 0.23/turn               g - +6 ring of dexterity
MPRegen 0.11/turn               b - ring of resist corrosion

@: lethally poisoned (-3 -> -30), slowed, very slow
A: no striking features
a: Renounce Religion, Evoke Invisibility, Heroism, Finesse


You were on level 6 of the Dungeon.
You worshipped Okawaru.
Okawaru was greatly pleased with you.
You visited 2 branches of the dungeon, and saw 7 of its levels.

You collected 362 gold pieces.

Inventory:

Hand Weapons
 a - a +2 war axe of venom (weapon)
Missiles
 h - a throwing net
 l - 6 boomerangs
 m - 18 poisoned darts (quivered)
Armour
 c - a +0 buckler (worn)
 t - a +0 pair of gloves (worn)
 u - a scarf of invisibility (worn)
 v - a +1 chain mail of positive energy (worn)
Jewellery
 b - a ring of resist corrosion (right hand)
 g - a +6 ring of dexterity (left hand)
Scrolls
 e - a scroll of amnesia
 i - a scroll of torment {unknown}
 j - a scroll of vulnerability
 s - a scroll of magic mapping
Potions
 d - a potion of might
 k - a potion of brilliance
 n - a potion of invisibility
 o - a potion of ambrosia
 p - a potion of lignification {unknown}
 q - a potion of flight {unknown}
 r - a potion of heal wounds
 w - a potion of magic {unknown}
 x - a potion of curing {unknown}
 z - a potion of resistance {unknown}


   Skills:
 + Level 7.9 Fighting
 * Level 11.0 Axes
 + Level 7.1 Armour
 + Level 7.1 Shields


You had 8 spell levels left.
You didn't know any spells.
Your spell library contained the following spells:

 Spells                   Type           Power      Damage    Failure   Level
 Magic Dart               Conj           0%         1d3       98%         1
 Mephitic Cloud           Conj/Pois/Air  0%         N/A       100%        3
 Borgnjor's Vile Clutch   Necr/Erth      0%         N/A       100%        5
 Iskenderun's Battlesphe  Conj           0%         2d6       100%        5
 Iron Shot                Conj/Erth      0%         9d1       100%        6
 Call Imp                 Summ           Unusable   N/A       N/A         2
 Animate Dead             Necr           Unusable   N/A       N/A         4
 Death Channel            Necr           Unusable   N/A       N/A         6
 Spellforged Servitor     Conj/Summ      Unusable   N/A       N/A         7

Dungeon Overview and Level Annotations

Branches:
Dungeon (6/15)             Temple (1/1) D:4

Altars:
Ashenzari
Cheibriados
Dithmenos
Elyvilon
Fedhas
Gozag
Hepliaklqana
Kikubaaqudgha
Makhleb
Nemelex Xobeh
Okawaru
Qazlal
Ru
Sif Muna
Trog
Uskayaw
Vehumet
Wu Jian
Xom
Yredelemnul
Zin
The Shining One

Annotations:
D:2 1 runed translucent door, Crazy Yiuf


Message History

You are more poisoned.
You have difficulty breathing.
You feel as though you will be slow longer.
You are too injured to fight recklessly!
You barely miss the kobold.
* * * LOW HITPOINT WARNING * * *
You feel extremely sick. The kobold hits you but does no damage.
The kobold brigand throws a curare-tipped dart.
The curare-tipped dart hits you.
You are lethally poisoned!
You have difficulty breathing.
* * * LOW HITPOINT WARNING * * *
You feel as though you will be slow longer.
The kobold barely misses you.
Okay, then.
You feel much better.
You feel extremely sick. The kobold hits you but does no damage.
As you read the scroll of teleportation, it crumbles to dust.
You feel strangely unstable.
You feel extremely sick.
The kobold brigand throws a curare-tipped dart.
The curare-tipped dart hits you.
You are lethally poisoned!
You have difficulty breathing.
* * * LOW HITPOINT WARNING * * *
You feel as though you will be slow longer.
You block the kobold's attack.
The kobold brigand throws a curare-tipped dart.
The curare-tipped dart hits you.
You are more poisoned.
You have difficulty breathing.
* * * LOW HITPOINT WARNING * * *
You feel as though you will be slow longer.
The kobold closely misses you.
Your surroundings suddenly seem different.
* * * LOW HITPOINT WARNING * * *
You feel extremely sick.
You die...

...#......###...###.#
.......##..#..#..#..#
.......###...###...##
...=..# ##.###...##
......####...#.....##
...#...#...#.....#..##
#..#..#...###...###..#
...#..#.#..#.....#...#
........##......@....#
......#..##.........##
....###........######
....###...######
.....##.###
.........###
...........####
........#.....#
≈≈.≈≈...≈....####


There were no monsters in sight!

Vanquished Creatures
  A two-headed ogre (D:5)
  A centaur zombie (D:6)
  A steam dragon (D:6)
  Edmund (D:4)
  2 ice beasts
  A black bear (D:5)
  A necrophage (D:5)
  An ogre (D:4)
  3 phantoms
  A bullfrog (D:6)
  A gnoll sergeant (D:6)
  2 scorpions (D:5)
  A wyvern skeleton (D:6)
  A water moccasin skeleton (D:4)
  A howler monkey (D:5)
  A bullfrog zombie (D:6)
  A jelly (D:5)
  A bullfrog skeleton (D:4)
  2 hounds (D:6)
  An orc priest (D:4)
  A centaur skeleton (D:5)
  2 iguanas (D:5)
  2 hound zombies (D:5)
  2 howler monkey skeletons
  4 adders
  13 gnolls
  A shadow imp (D:3)
  4 worms
  2 dart slugs
  16 orcs
  7 endoplasms
  4 giant cockroaches
  8 goblins
  4 hobgoblins
  6 jackals (D:3)
  2 quokkas (D:4)
  5 ball pythons
  3 bats
  2 frilled lizards
  13 kobolds
  3 rats
129 creatures vanquished.

Vanquished Creatures (others)
  An orc wizard (D:6)
  2 fungi (D:1)
  4 toadstools (D:1)
7 creatures vanquished.

Grand Total: 136 creatures vanquished

Notes
Turn   | Place    | Note
-------+----------+-------------------------------------------
     0 | D:1      | miket3c the Hill Orc Fighter began the quest for the Orb.
     0 | D:1      | Reached XP level 1. HP: 19/19 MP: 1/1
   229 | D:1      | Reached skill level 3 in Axes
   244 | D:1      | Reached XP level 2. HP: 27/27 MP: 2/2
   837 | D:1      | Found a faded altar of an unknown god.
   872 | D:2      | Reached XP level 3. HP: 33/33 MP: 3/3
   986 | D:2      | Found a runed translucent door.
   987 | D:2      | Noticed Crazy Yiuf
  1130 | D:2      | You fall into a shaft and drop 2 floors!
  1140 | D:4      | Reached skill level 4 in Axes
  1140 | D:4      | Reached XP level 4. HP: 27/40 MP: 4/4
  1297 | D:3      | Found a faded altar of an unknown god.
  1304 | D:3      | Found an opulent altar of Gozag.
  2076 | D:3      | Reached XP level 5. HP: 37/47 MP: 5/5
  2499 | D:4      | Found a staircase to the Ecumenical Temple.
  2501 | D:4      | Noticed an ogre
  2507 | D:4      | Killed an ogre
  2508 | D:4      | Reached skill level 5 in Axes
  2629 | Temple   | Entered the Ecumenical Temple
  3037 | Temple   | Became a worshipper of Warmaster Okawaru
  3084 | D:4      | Reached XP level 6. HP: 50/55 MP: 6/6
  3317 | D:4      | Reached skill level 5 in Fighting
  3686 | D:4      | Reached skill level 6 in Axes
  3893 | D:4      | Noticed Edmund
  3909 | D:4      | Killed Edmund
  3910 | D:4      | Reached XP level 7. HP: 23/61 MP: 7/7
  4410 | D:5      | Entered Level 5 of the Dungeon
  4574 | D:5      | Reached * piety under Okawaru
  4576 | D:5      | Reached skill level 5 in Armour
  4707 | D:5      | Reached skill level 7 in Axes
  4707 | D:5      | Reached skill level 5 in Shields
  4765 | D:5      | Reached ** piety under Okawaru
  4766 | D:5      | Reached XP level 8. HP: 60/70 MP: 8/8
  4786 | D:5      | Noticed a two-headed ogre
  4806 | D:5      | HP: 3/70 [two-headed ogre/+0 giant spiked club (11)]
  5130 | D:5      | Reached skill level 8 in Axes
  5441 | D:5      | Killed a two-headed ogre
  5441 | D:5      | Reached *** piety under Okawaru
  5442 | D:5      | Reached skill level 9 in Axes
  5442 | D:5      | Reached XP level 9. HP: 36/79 MP: 9/9
  6062 | D:6      | Reached skill level 10 in Axes
  6362 | D:6      | Reached **** piety under Okawaru
  6530 | D:6      | Reached skill level 11 in Axes
  6548 | D:6      | Succumbed to a kobold brigand's curare-tipped dart

Illustrated notes

Levels and vault maps discovered:
D:1:      dpeg_arrival_long_road, layout_basic,
          shapermc_ecumenical_altar_hornbeckon, st_stairs_8,
          minmay_gold_behind_fungi
D:2:      layout_loops_ring, uniq_crazy_yiuf_cottage
D:3:      layout_basic, nicolae_overflow_ecumenical_swirl,
          small_statue_intersection
D:4:      layout_loops_ring, minmay_temple_entry_junction,
          serial_park_tiny_pond, uniq_edmund
D:5:      layout_rooms
D:6:      layout_cave_pools, serial_rivers, chequers_serial_rivers_marsh,
          chequers_serial_rivers_small_3, chequers_serial_rivers_micro_c,
          chequers_serial_rivers_small_b, chequers_serial_rivers_micro_e,
          chequers_serial_rivers_small_b, grunt_ministairs_2,
          minmay_strange_pillars, nicolae_evil_shop
Temple:   mainiacjoe_temple_trianglar_array

Skill      XL: |  1  2  3  4  5  6  7  8  9 |
---------------+----------------------------+-----
Axes           | 3 4 5 6 7 9 11 | 11.0
Fighting       | 4 5 7 |  7.9
Armour         | 4 5 6 7 |  7.1
Shields        | 4 5 6 7 |  7.1

Action                   |  1- 3 |  4- 6 |  7- 9 || total
-------------------------+-------+-------+-------++-------
Melee: War axe           |    42 |   140 |   130 ||   312
Throw: Dart              |       |     5 |     9 ||    14
       Throwing net      |       |     2 |     1 ||     3
  Use: Potion            |     1 |     3 |     1 ||     5
       Scroll            |       |     9 |     6 ||    15
Armor: Scale mail        |    19 |    23 |       ||    42
       Chain mail        |       |    23 |    93 ||   116
Dodge: Dodged            |    13 |    33 |    50 ||    96
Block: Buckler           |     7 |    35 |    45 ||    87
